TOP OF THE 1ST |
Iowa State Cyclones batting - Pitching for Creighton Blue Jays : LHP Peter Turner
|
Pitching: LHP Peter Turner
|
|
Batting: RHB Shane Marshall
|
0-0: Ball 1-0: Ball 2-0: Ground out 6-3 (Groundball, 56)
|
Batting: SHB Jim Graves
|
0-0: SINGLE (Groundball, 34S) (infield hit)
|
Batting: RHB Pedro Rivera
|
0-0: Ground out 4-3 (Groundball, 34D) Jim Graves to second
|
Batting: SHB Ralph Marshall
|
0-0: Swinging Strike 0-1: Swinging Strike 0-2: Foul Ball, location: 2F 0-2: Ball 1-2: Strikes out looking
|
Top of the 1st over - 0 run(s), 1 hit(s), 0 error(s), 1 left on base; Iowa State 0 - Creighton 0 |
BOTTOM OF THE 1ST |
Creighton Blue Jays batting - Pitching for Iowa State Cyclones : RHP Bill Tracy
|
Pitching: RHP Bill Tracy
|
|
Batting: LHB Marcos Torres
|
0-0: Ball 1-0: Ground out 4-3 (Groundball, 4)
|
Batting: RHB Jaime Aguirre
|
0-0: SINGLE (Groundball, 6MD)
|
Batting: LHB Brady Phillips
|
0-0: Swinging Strike 0-1: Grounds into double play, 4-6-3 (Groundball, 4)
|
Bottom of the 1st over - 0 run(s), 1 hit(s), 0 error(s), 0 left on base; Iowa State 0 - Creighton 0 |
TOP OF THE 2ND |
Iowa State Cyclones batting - Pitching for Creighton Blue Jays : LHP Peter Turner
|
Batting: RHB Jim Hall
|
0-0: Ball 1-0: Called Strike 1-1: Swinging Strike 1-2: Ball 2-2: SOLO HOME RUN (Flyball, 9D), Distance : 370 ft
|
Batting: RHB Russell Cook
|
0-0: Ground out 1-3 (Groundball, P)
|
Batting: RHB Carlos Santana
|
0-0: Ball 1-0: Called Strike 1-1: Fly out, F7 (Flyball, 7S)
|
Batting: RHB Paco Camacho
|
0-0: Foul Ball, location: 2F 0-1: Ball 1-1: Ball 2-1: Foul Ball, location: 2F 2-2: Ground out 1-3 (Groundball, P)
|
Top of the 2nd over - 1 run(s), 1 hit(s), 0 error(s), 0 left on base; Iowa State 1 - Creighton 0 |
BOTTOM OF THE 2ND |
Creighton Blue Jays batting - Pitching for Iowa State Cyclones : RHP Bill Tracy
|
Batting: RHB Matt Cole
|
0-0: Ball 1-0: Ball 2-0: SINGLE (Groundball, 6D)
|
Batting: LHB Pedro Oropesa
|
0-0: Ball 1-0: Ball 2-0: Foul Ball, location: 2F 2-1: Ground out 5-3 (Groundball, 56S) Matt Cole to second
|
Batting: RHB Gabriel Santana
|
0-0: Ball 1-0: Foul Ball, location: 2F 1-1: Called Strike 1-2: Reached on error, E4 (Groundball, 4) Matt Cole to third
|
Batting: LHB Steve Edwards
|
0-0: Foul Ball, location: 2F 0-1: Ball 1-1: Ball 2-1: Swinging Strike 2-2: Foul Ball, location: 2F 2-2: Foul Ball, location: 2F 2-2: Hit by Pitch Gabriel Santana to second
|
Batting: LHB Raúl Hernández
|
0-0: Foul Ball, location: 2F 0-1: Hit by Pitch Matt Cole scores Gabriel Santana to third Steve Edwards to second
|
Batting: RHB Michael Carr
|
0-0: Fly out, F9 (Flyball, 9)
|
Batting: LHB Marcos Torres
|
0-0: Ball 1-0: Called Strike 1-1: GRAND SLAM HOME RUN (Flyball, 89XD), Distance : 419 ft
|
Batting: RHB Jaime Aguirre
|
0-0: Ball 1-0: Ball 2-0: Called Strike 2-1: Ball 3-1: Foul Ball, location: 2F 3-2: Strikes out swinging
|
Bottom of the 2nd over - 5 run(s), 2 hit(s), 1 error(s), 0 left on base; Iowa State 1 - Creighton 5 |
TOP OF THE 3RD |
Iowa State Cyclones batting - Pitching for Creighton Blue Jays : LHP Peter Turner
|
Batting: LHB Geoffrey Poole
|
0-0: Called Strike 0-1: Called Strike 0-2: Foul Ball, location: 2F 0-2: Ball 1-2: Strikes out swinging
|
Batting: RHB Shane Marshall
|
0-0: Ball 1-0: Foul Ball, location: 2F 1-1: Foul Ball, location: 2F 1-2: Strikes out looking
|
Batting: SHB Jim Graves
|
0-0: Called Strike 0-1: Foul Ball, location: 2F 0-2: Ball 1-2: Ball 2-2: Strikes out looking
|
Top of the 3rd over - 0 run(s), 0 hit(s), 0 error(s), 0 left on base; Iowa State 1 - Creighton 5 |
BOTTOM OF THE 3RD |
Creighton Blue Jays batting - Pitching for Iowa State Cyclones : RHP Bill Tracy
|
Batting: LHB Brady Phillips
|
0-0: Ball 1-0: Ball 2-0: Foul Ball, location: 2F 2-1: SINGLE (Line Drive, 4MD)
|
Batting: RHB Matt Cole
|
0-0: Called Strike 0-1: Ball 1-1: Ball 2-1: 2-RUN HOME RUN (Flyball, 7D), Distance : 415 ft
|
Batting: LHB Pedro Oropesa
|
0-0: Called Strike 0-1: Ball 1-1: SOLO HOME RUN (Flyball, 9D), Distance : 364 ft
|
Pitching: RHP Loren Parker
|
|
Batting: RHB Gabriel Santana
|
0-0: Swinging Strike 0-1: Fly out, F8 (Flyball, 8LM)
|
Batting: LHB Steve Edwards
|
0-0: Foul Ball, location: 2F 0-1: Ground out 1-3 (Groundball, 13S)
|
Batting: LHB Raúl Hernández
|
0-0: Ball 1-0: Foul Ball, location: 2F 1-1: Ground out U3 (Groundball, 34)
|
Bottom of the 3rd over - 3 run(s), 3 hit(s), 0 error(s), 0 left on base; Iowa State 1 - Creighton 8 |
TOP OF THE 4TH |
Iowa State Cyclones batting - Pitching for Creighton Blue Jays : LHP Peter Turner
|
Batting: RHB Pedro Rivera
|
0-0: Ball 1-0: Ground out 5-3 (Groundball, 5)
|
Batting: SHB Ralph Marshall
|
0-0: Called Strike 0-1: Called Strike 0-2: Foul Ball, location: 2F 0-2: Strikes out swinging
|
Batting: RHB Jim Hall
|
0-0: Ball 1-0: Foul Ball, location: 2F 1-1: Called Strike 1-2: Ball 2-2: Ball 3-2: Strikes out swinging
|
Top of the 4th over - 0 run(s), 0 hit(s), 0 error(s), 0 left on base; Iowa State 1 - Creighton 8 |
BOTTOM OF THE 4TH |
Creighton Blue Jays batting - Pitching for Iowa State Cyclones : RHP Loren Parker
|
Batting: RHB Michael Carr
|
0-0: Ball 1-0: Ball 2-0: Ball 3-0: Called Strike 3-1: Called Strike 3-2: Foul Ball, location: 2F 3-2: Ground out 5-3 (Groundball, 25)
|
Batting: LHB Marcos Torres
|
0-0: Ball 1-0: Called Strike 1-1: Ball 2-1: Foul Ball, location: 2F 2-2: Foul Ball, location: 2F 2-2: Ball 3-2: SINGLE (Groundball, 34D)
|
Batting: RHB Jaime Aguirre
|
0-0: Ball 1-0: Called Strike Marcos Torres steals 2nd base 1-1: SINGLE (Groundball, 3D) Marcos Torres to third Runner from 3rd tries for Home, SAFE, no throw
|
Batting: LHB Brady Phillips
|
0-0: Called Strike Jaime Aguirre is caught stealing 2nd base 0-1: Ground out U3 (Groundball, 3)
|
Bottom of the 4th over - 1 run(s), 2 hit(s), 0 error(s), 0 left on base; Iowa State 1 - Creighton 9 |
TOP OF THE 5TH |
Iowa State Cyclones batting - Pitching for Creighton Blue Jays : LHP Peter Turner
|
Batting: RHB Russell Cook
|
0-0: Ball 1-0: Fly out, F7 (Flyball, 78M)
|
Batting: RHB Carlos Santana
|
0-0: Foul Ball, location: 2F 0-1: Foul Ball, location: 2F 0-2: Foul Ball, location: 2F 0-2: Ground out 4-3 (Groundball, 34)
|
Batting: RHB Paco Camacho
|
0-0: SINGLE (Groundball, 6MD)
|
Batting: LHB Geoffrey Poole
|
0-0: Ball 1-0: Ball 2-0: Ball 3-0: Called Strike 3-1: Base on Balls Paco Camacho to second
|
Batting: RHB Shane Marshall
|
0-0: Foul Ball, location: 2F 0-1: Called Strike 0-2: Ball 1-2: Fly out, F8 (Flyball, 8RS)
|
Top of the 5th over - 0 run(s), 1 hit(s), 0 error(s), 2 left on base; Iowa State 1 - Creighton 9 |
BOTTOM OF THE 5TH |
Creighton Blue Jays batting - Pitching for Iowa State Cyclones : RHP Loren Parker
|
Batting: RHB Matt Cole
|
0-0: Ball 1-0: SINGLE (Line Drive, 89S)
|
Batting: LHB Pedro Oropesa
|
0-0: Ball 1-0: Called Strike 1-1: Ball 2-1: Ball 3-1: 2-RUN HOME RUN (Flyball, 9D), Distance : 362 ft
|
Pitching: LHP Bob Wallace
|
|
Batting: RHB Gabriel Santana
|
0-0: Fly out, F4 (Popup, 34)
|
Batting: LHB Steve Edwards
|
0-0: Fly out, F5 (Popup, 5D)
|
Batting: LHB Raúl Hernández
|
0-0: Called Strike 0-1: Fly out, F8 (Flyball, 8RM)
|
Bottom of the 5th over - 2 run(s), 2 hit(s), 0 error(s), 0 left on base; Iowa State 1 - Creighton 11 |
TOP OF THE 6TH |
Iowa State Cyclones batting - Pitching for Creighton Blue Jays : LHP Peter Turner
|
Batting: SHB Jim Graves
|
0-0: Ball 1-0: Ball 2-0: Foul Ball, location: 2F 2-1: Foul Ball, location: 2F 2-2: Foul Ball, location: 2F 2-2: Ball 3-2: Strikes out swinging
|
Batting: RHB Pedro Rivera
|
0-0: Called Strike 0-1: Swinging Strike 0-2: Foul Ball, location: 2F 0-2: Ball 1-2: Foul Ball, location: 2F 1-2: Ball 2-2: Ball 3-2: Strikes out swinging
|
Batting: SHB Ralph Marshall
|
0-0: Ball 1-0: Foul Ball, location: 2F 1-1: Foul Ball, location: 2F 1-2: Ball 2-2: Strikes out swinging
|
Top of the 6th over - 0 run(s), 0 hit(s), 0 error(s), 0 left on base; Iowa State 1 - Creighton 11 |
BOTTOM OF THE 6TH |
Creighton Blue Jays batting - Pitching for Iowa State Cyclones : LHP Bob Wallace
|
Pinch Hitting: RHB Ed Lindsey
|
0-0: Ball 1-0: Ball 2-0: Ball 3-0: Called Strike 3-1: Base on Balls
|
Batting: LHB Marcos Torres
|
0-0: Fly out, F3 (Popup, 34S)
|
Batting: RHB Jaime Aguirre
|
0-0: Ball 1-0: Ball 2-0: Ball 3-0: Base on Balls Ed Lindsey to second
|
Batting: LHB Brady Phillips
|
0-0: Foul Ball, location: 2F 0-1: Foul Ball, location: 2F 0-2: Ball 1-2: Ball 2-2: Fielders Choice at 2nd, 6-4 (Groundball, 6) Ed Lindsey to third
|
Batting: RHB Matt Cole
|
0-0: Ball 1-0: DOUBLE (Line Drive, 78D) Ed Lindsey scores Brady Phillips to third Runner from 3rd tries for Home, SAFE, no throw
|
Batting: LHB Pedro Oropesa
|
0-0: Called Strike 0-1: Ball 1-1: Called Strike 1-2: Ball 2-2: Ground out 5-3 (Groundball, 56)
|
Bottom of the 6th over - 2 run(s), 1 hit(s), 0 error(s), 1 left on base; Iowa State 1 - Creighton 13 |
TOP OF THE 7TH |
Iowa State Cyclones batting - Pitching for Creighton Blue Jays : LHP Peter Turner
|
Pitching: LHP José Sánchez
|
|
Now at 1B: Carlos Gómez
|
|
Batting: RHB Jim Hall
|
0-0: Ground out U3 (Groundball, 3S)
|
Batting: RHB Russell Cook
|
0-0: Ball 1-0: Swinging Strike 1-1: Foul Ball, location: 2F 1-2: Ball 2-2: Ball 3-2: Strikes out swinging
|
Batting: RHB Carlos Santana
|
0-0: Ball 1-0: Ball 2-0: Ball 3-0: Base on Balls
|
Batting: RHB Paco Camacho
|
0-0: Called Strike 0-1: Ball 1-1: Ball 2-1: Ball 3-1: Swinging Strike 3-2: Foul Ball, location: 2F 3-2: Strikes out swinging
|
Top of the 7th over - 0 run(s), 0 hit(s), 0 error(s), 1 left on base; Iowa State 1 - Creighton 13 |
BOTTOM OF THE 7TH |
Creighton Blue Jays batting - Pitching for Iowa State Cyclones : LHP Bob Wallace
|
Batting: RHB Gabriel Santana
|
0-0: Swinging Strike 0-1: Ball 1-1: Foul Ball, location: 2F 1-2: Ball 2-2: Strikes out swinging
|
Batting: LHB Steve Edwards
|
0-0: Foul Ball, location: 2F 0-1: Ball 1-1: Called Strike 1-2: Ball 2-2: Strikes out swinging
|
Batting: LHB Raúl Hernández
|
0-0: Fly out, F8 (Flyball, 89M)
|
Bottom of the 7th over - 0 run(s), 0 hit(s), 0 error(s), 0 left on base; Iowa State 1 - Creighton 13 |
TOP OF THE 8TH |
Iowa State Cyclones batting - Pitching for Creighton Blue Jays : LHP José Sánchez
|
Batting: LHB Geoffrey Poole
|
0-0: Foul Ball, location: 2F 0-1: Called Strike 0-2: Foul Ball, location: 2F 0-2: Fly out, F7 (Flyball, 7)
|
Batting: RHB Shane Marshall
|
0-0: Swinging Strike 0-1: Swinging Strike 0-2: Ball 1-2: Strikes out swinging
|
Batting: SHB Jim Graves
|
0-0: Ball 1-0: Ball 2-0: Ball 3-0: Called Strike 3-1: Foul Ball, location: 2F 3-2: Base on Balls
|
Batting: RHB Pedro Rivera
|
0-0: SINGLE (Line Drive, 56D) Jim Graves to second
|
Batting: SHB Ralph Marshall
|
0-0: Swinging Strike 0-1: Ball 1-1: Called Strike 1-2: DOUBLE (Flyball, 78D) Jim Graves scores Pedro Rivera to third Runner from 3rd tries for Home, SAFE, no throw
|
Batting: RHB Jim Hall
|
0-0: Ball 1-0: Ground out U3 (Groundball, 3)
|
Top of the 8th over - 2 run(s), 2 hit(s), 0 error(s), 1 left on base; Iowa State 3 - Creighton 13 |
BOTTOM OF THE 8TH |
Creighton Blue Jays batting - Pitching for Iowa State Cyclones : LHP Bob Wallace
|
Batting: RHB Carlos Gómez
|
0-0: Fly out, F9 (Line Drive, 9)
|
Batting: LHB Marcos Torres
|
0-0: Fly out, F8 (Flyball, 8LM)
|
Batting: RHB Jaime Aguirre
|
0-0: Swinging Strike 0-1: Ball 1-1: Foul Ball, location: 2F 1-2: Foul Ball, location: 2F 1-2: Foul Ball, location: 2F 1-2: SOLO HOME RUN (Flyball, 78XD), Distance : 438 ft
|
Batting: LHB Brady Phillips
|
0-0: Foul Ball, location: 2F 0-1: Ball 1-1: Ball 2-1: Ground out 4-3 (Groundball, 4)
|
Bottom of the 8th over - 1 run(s), 1 hit(s), 0 error(s), 0 left on base; Iowa State 3 - Creighton 14 |
TOP OF THE 9TH |
Iowa State Cyclones batting - Pitching for Creighton Blue Jays : LHP José Sánchez
|
Batting: RHB Russell Cook
|
0-0: Ball 1-0: Ball 2-0: Called Strike 2-1: Fly out, F7 (Flyball, 7)
|
Batting: RHB Carlos Santana
|
0-0: Called Strike 0-1: Swinging Strike 0-2: Ball 1-2: Ball 2-2: Foul Ball, location: 2F 2-2: Ball 3-2: Strikes out swinging
|
Batting: RHB Paco Camacho
|
0-0: Ball 1-0: Ground out 5-3 (Groundball, 5)
|
Top of the 9th over - 0 run(s), 0 hit(s), 0 error(s), 0 left on base; Iowa State 3 - Creighton 14 |
|